AoeStats
← Neo2087

MegaRandom

507952711Analyzed
3v3 RM · 13d ago on Sep 20, 2026· 43m 30s· 6 players
Game mode
Random Map
Map size
Normal (6 player)
Population
200
Speed
Normal
Resources
Standard
Victory
Conquest
Starting age
Dark Age
Ending age
Imperial Age
RankedLock teamsTeams togetherTeam positionsShared explorationLock speedFull tech treeHidden civsTurbo modeCheats
Victory
Defeat
🇦🇷 Turks · Argentina
947
+15
🇦🇺 Japanese · Australia
943
+15
🇦🇺 Inca · Australia
941
+15
🇹🇷 Italians · Türkiye
949
-15
🇧🇪 Bohemians · Belgium
917
-15
🇦🇺 Saracens · Australia
911
-15
EyesOfWar
12:22 Feudal Age
13:50 Loom
17:24 Castle Age
16:10 Double-Bit Axe
17:12 Horse Collar
17:17 Fishing Lines
19:54 Squires
23:25 Chemistry
33:22 Imperial Age
34:25 Conscription
Neo2087
6:19 Loom
10:07 Feudal Age
11:39 Wheelbarrow
11:05 Double-Bit Axe
11:33 Horse Collar
20:43 Castle Age
19:37 Fishing Lines
19:51 Stone Mining
21:57 Hand Cart
21:58 Bow Saw
21:56 Heavy Plow
24:32 Gold Mining
29:20 Medium Warships
30:00 Gold Shaft Mining
32:26 Imperial Age
30:20 Fletching
30:42 Forging
32:38 Bodkin Arrow
33:19 Iron Casting
32:49 Husbandry
33:05 Bloodlines
32:44 Town Watch
34:18 Heavy Warships
33:54 Murder Holes
34:22 Ballistics
35:39 Chemistry
35:53 Bracer
36:44 Conscription
36:47 Padded Archer Armor
36:54 Scale Barding Armor
37:03 Masonry
37:14 Careening
37:54 Bimaristan
38:43 Thumb Ring
37:59 Elite Skirmisher
39:06 Leather Archer Armor
39:18 Clinker Construction
40:43 Dry Dock
40:45 Carvel Hull
40:15 Elite Cannon Galleon
42:53 Chain Barding Armor
43:04 Ring Archer Armor
43:35 Blast Furnace
Hayallerde
0:33 Loom
13:23 Feudal Age
14:21 Town Watch
21:39 Double-Bit Axe
26:13 Castle Age
23:56 Horse Collar
27:19 Stone Mining
28:17 Man-at-Arms
30:42 Pikeman
31:50 Long Swordsman
35:30 Light Cavalry
Cwark San
0:31 Loom
11:49 Feudal Age
13:35 Wheelbarrow
12:48 Double-Bit Axe
13:09 Fishing Lines
15:00 Gold Mining
17:17 Stone Mining
23:27 Fletching
25:39 Castle Age
25:25 Town Watch
25:53 Forging
25:43 Scale Mail Armor
25:29 Arson
26:46 Bow Saw
29:11 Squires
31:25 Gillnets
37:41 Imperial Age
38:32 Medium Warships
39:09 Bodkin Arrow
39:50 Iron Casting
39:30 Chain Mail Armor
39:55 Bracer
42:14 Elite Samurai
camiloandres2272
0:34 Loom
12:56 Feudal Age
14:32 Horse Collar
17:02 Castle Age
15:24 Double-Bit Axe
16:11 Champi Runner
16:39 Arson
24:24 Wheelbarrow
23:58 Heavy Plow
26:31 Bow Saw
26:52 Gold Mining
28:31 Hand Cart
30:13 Andean Sling
34:48 Imperial Age
32:16 Fletching
32:32 Padded Archer Armor
31:55 Elite Skirmisher
33:12 Caravan
34:13 Scale Mail Armor
34:23 Forging
34:09 Bodkin Arrow
35:57 Conscription
35:42 Squires
35:50 Pikeman
38:01 Iron Casting
38:09 Elite Kamayuk
40:45 Treadmill Crane
42:06 Chemistry
41:27 Ballistics
41:13 Siege Engineers
41:15 Town Watch
43:13 Chain Mail Armor
43:00 Bracer
44:01 Blast Furnace
43:18 Leather Archer Armor
林归于凤
11:53 Feudal Age
12:19 Double-Bit Axe
12:15 Horse Collar
12:32 Fishing Lines
13:35 Wheelbarrow
13:00 Stone Mining
21:17 Castle Age
19:12 Gold Mining
21:06 Padded Archer Armor
22:31 Bow Saw
22:26 Heavy Plow
24:29 Treadmill Crane
25:11 Ballistics
25:13 Leather Archer Armor
26:54 Masonry
28:08 Hand Cart
29:00 Murder Holes
30:18 Gillnets
30:36 Fletching
31:24 Gold Shaft Mining
31:15 Town Watch
36:29 Imperial Age
34:44 Bodkin Arrow
37:34 Town Patrol
38:40 Two-Man Saw
39:03 Conscription
38:43 Artillery
39:20 Medium Warships
39:50 Ring Archer Armor
40:44 Husbandry
40:56 Bloodlines
40:08 Heavy Camel Rider
Connection lost

Rejoining the realm…

Still unreachable

The connection could not be restored.

Session expired

The server has moved on; the page needs a fresh start.